Map: Forêt cybernétique EC

Players

goblin - Winner!

  • Race: Protoss Protoss
  • Spawn Location: 11:00

ShaDoWn

  • Race: Protoss Protoss
  • Spawn Location: 5:00

Event: 2019 WCS Summer

VOD

Have the link to the VOD?

Description

Time

  • Played on: July 12, 2019, 10:47 a.m.
  • Length: 12:53

All games in this series

Show
View Real Time Build Order
Export as new Build Order

goblin Protoss - Winner!

Build Orders: Oracle Opening 

Get SALT Encoding   

  12  0:00  Probe  
  13  0:12  Probe  
  14  0:17  Pylon  
  14  0:24  Probe  
  15  0:32  Probe  
  15  0:37  Gateway  
  15  0:40  Probe  
  16  0:45  Assimilator  
  17  0:51  Probe  
  17  0:54  Assimilator  
  18  0:59  Probe  
  19  1:07  Probe, Gateway  
  19  1:17  Probe  
  20  1:24  Cybernetics Core  
  21  1:29  Probe  
  22  1:35  Pylon  
  22  1:41  Probe  
  23  2:01  Adept x2  
  27  2:03  Stargate  
  27  2:08  Warp Gate  
  27  2:13  Pylon  
  27  2:30  Adept  
  27  2:31  Adept  
  27  2:35  Probe  
  27  2:36  Oracle  
  35  2:52  Pylon  
  35  2:53  Pylon  
  35  3:03  Stalker x2  
  39  3:12  Shield Battery  
  39  3:34  Twilight Council  
  32  3:47  Nexus  
  32  3:58  Stalker  
  32  4:04  Stalker, Blink  
  34  4:22  Pylon  
  34  4:37  Stalker x2, Probe  
  38  4:45  Probe  
  40  4:55  Probe  
  40  4:56  Probe, Pylon  
  41  5:04  Probe  
  42  5:07  Probe, Sentry  
  46  5:14  Probe  
  46  5:19  Probe  
  46  5:27  Probe  
  47  5:31  Adept x2  
  47  5:33  Probe  
  52  5:39  Probe  
  52  5:45  Probe  
  52  5:48  Probe, Gateway  
  52  5:49  Gateway  
  53  5:56  Probe  
  53  5:57  Probe  
  55  6:06  Probe  
  55  6:07  Phoenix  
  55  6:09  Probe  
  55  6:10  Stalker x2  
  56  6:19  Probe  
  56  6:24  Probe  
  58  6:27  Forge  
  58  6:28  Pylon  
  58  6:31  Probe  
  59  6:36  Adept  
  59  6:37  Adept  
  59  6:39  Probe  
  64  6:47  Probe  
  64  6:51  Protoss Ground Weapons Level 1  
  64  6:52  Probe  
  66  6:55  Nexus  
  66  6:58  Pylon  
  66  7:00  Charge  
  66  7:06  Gateway  
  66  7:10  Gateway  
  66  7:12  Pylon  
  64  7:25  Gateway  
  64  7:26  Gateway  
  64  7:29  Templar Archives  
  62  7:32  Probe x2  
  64  7:41  Assimilator  
  64  7:44  Assimilator  
  64  7:45  Stalker x2  
  64  7:50  Probe x2  
  70  7:59  Robotics Facility  
  70  8:00  Pylon  
  70  8:02  Probe  
  73  8:17  Zealot x4, High Templar x2  
  73  8:19  Pylon  
  82  8:25  Probe x3  
  80  8:31  Archon  
  80  8:40  Gateway  
  80  8:42  Gateway  
  80  8:46  Zealot, High Templar x2  
  80  8:47  Zealot  
  86  8:49  Observer  
  86  8:53  Archon  
  87  8:59  Probe  
  87  9:00  Probe x2, Protoss Ground Weapons Level 2  
  90  9:12  Probe  
  91  9:17  High Templar  
  91  9:18  Zealot x4  
  91  9:22  Assimilator  
  91  9:23  Assimilator  
  101  9:25  High Templar, Pylon  
  101  9:31  Archon  
  103  9:33  Probe x3  
  106  9:45  Probe  
  107  9:50  Probe, Pylon  
  107  9:51  Zealot x4  
  116  9:56  Zealot x4  
  116  10:02  Zealot x2  
  86  10:17  Zealot  
  86  10:18  Zealot x5  
  86  10:21  High Templar x2  
  96  10:25  Archon  
  96  10:27  High Templar x2  
  102  10:32  Archon  
  100  10:44  Pylon  
  100  10:49  Zealot x4  
  107  11:03  Zealot x3  
  107  11:04  Zealot  
  110  11:16  Probe x2, Zealot x3  
  110  11:17  Zealot x2  
  110  11:18  Probe  
  95  11:19  Warp Prism  
  95  11:24  Probe x2  
  91  11:30  Probe  
  95  11:34  High Templar x4  
  95  11:36  Probe x2  
  95  11:37  High Templar  
  95  11:38  Observer, High Templar  
  109  11:41  Archon  
  109  11:42  Archon  
  109  11:43  Archon  
  109  11:46  High Templar x2  
  113  11:54  Stalker x2, Archon  
  117  12:20  High Templar x4  
  125  12:25  Archon x2  
  125  12:26  Zealot x2  
  125  12:27  Zealot x2  
  133  12:31  Pylon x2  
  133  12:33  Pylon  
  133  12:35  Pylon  
  127  12:44  Stalker, Zealot  
Show
View Real Time Build Order
Export as new Build Order

ShaDoWn Protoss 

Build Orders: Phoenix Opening, Archon Immortal 

Get SALT Encoding   

  12  0:00  Probe  
  13  0:12  Probe  
  14  0:17  Pylon  
  14  0:24  Probe  
  15  0:32  Probe  
  15  0:36  Gateway  
  15  0:40  Probe  
  16  0:46  Assimilator  
  17  0:51  Probe  
  17  0:54  Assimilator  
  18  1:00  Probe  
  19  1:07  Gateway  
  19  1:08  Probe  
  19  1:17  Probe  
  21  1:27  Cybernetics Core  
  21  1:29  Probe  
  22  1:33  Pylon  
  22  1:45  Probe  
  23  1:57  Probe  
  24  2:03  Stalker, Warp Gate  
  24  2:04  Stalker  
  28  2:15  Probe  
  28  2:19  Stargate  
  28  2:22  Pylon  
  29  2:33  Adept  
  31  2:40  Adept  
  33  2:49  Shield Battery  
  33  2:55  Phoenix  
  33  2:58  Probe  
  34  3:02  Shield Battery  
  36  3:18  Phoenix  
  36  3:26  Pylon  
  34  3:38  Probe  
  34  3:40  Phoenix  
  35  3:54  Nexus  
  33  3:56  Probe  
  33  3:57  Phoenix  
  36  4:10  Probe  
  36  4:14  Phoenix  
  37  4:22  Probe  
  40  4:34  Probe  
  41  4:41  Robotics Facility  
  41  4:46  Probe  
  42  4:59  Probe  
  43  5:03  Probe  
  43  5:04  Sentry, Pylon  
  45  5:11  Probe x2  
  47  5:19  Immortal  
  48  5:21  Probe  
  48  5:23  Probe  
  50  5:33  Shield Battery  
  50  5:35  Probe  
  55  5:38  Probe  
  56  5:47  Probe  
  58  5:58  Immortal  
  58  5:59  Forge, Probe  
  58  6:01  Shield Battery  
  62  6:04  Probe  
  61  6:12  Probe  
  61  6:16  Probe  
  63  6:24  Probe  
  64  6:27  Twilight Council, Pylon  
  64  6:28  Probe  
  65  6:35  Immortal  
  65  6:36  Probe  
  70  6:42  Probe  
  69  6:48  Probe  
  69  6:52  Assimilator x2  
  70  6:54  Probe  
  70  6:58  Zealot x2  
  70  7:00  Probe  
  70  7:01  Pylon  
  76  7:06  Probe  
  76  7:07  Observer  
  77  7:12  Protoss Ground Weapons Level 1  
  78  7:19  Pylon  
  78  7:20  Pylon  
  78  7:32  Observer  
  78  7:33  Gateway  
  78  7:35  Gateway  
  77  7:37  Pylon  
  77  7:38  Zealot x2  
  77  7:43  Charge  
  81  7:48  Gateway  
  81  7:55  Immortal  
  85  8:01  Zealot  
  85  8:04  Templar Archives  
  85  8:05  Gateway  
  87  8:11  Gateway  
  87  8:23  Zealot x2  
  91  8:27  Shield Battery  
  91  8:37  Warp Prism  
  93  8:44  Nexus  
  93  8:46  High Templar x4  
  101  8:51  Pylon  
  101  8:52  Archon x2  
  95  9:11  Zealot x2  
  95  9:13  Protoss Ground Weapons Level 2  
  97  9:18  High Templar  
  97  9:19  Zealot x2, High Templar  
  97  9:21  Probe x2  
  107  9:24  Archon  
  107  9:33  Probe  
  107  9:34  Probe  
  109  9:42  Zealot x5  
  115  9:50  Probe  
  116  9:53  Pylon  
  110  10:03  Zealot x5  
  92  10:19  Probe x2  
  86  10:23  High Templar x4  
  86  10:24  Zealot x3  
  86  10:27  Archon x2, Gateway  
  100  10:34  Probe  
  97  10:45  Zealot x3  
  103  10:55  Zealot x4  
  111  11:06  Zealot x3  
  111  11:08  Probe  
  110  11:14  Warp Prism  
  110  11:16  Probe  
  110  11:17  Probe  
  90  11:20  Probe  
  90  11:22  High Templar x4  
  90  11:23  Zealot  
  83  11:29  Assimilator, Archon  
  83  11:30  Assimilator, Archon  
  75  11:34  Zealot x3  
  75  11:38  Shield Battery  
  75  11:39  Shield Battery  
  81  11:45  Zealot, Immortal  
  87  11:55  Zealot x4, High Templar x2  
  87  11:59  Archon  
  99  12:02  Zealot  
  101  12:08  Zealot  
  103  12:17  Zealot x2, High Templar x2  
  103  12:22  Archon  
  111  12:25  Zealot  
  111  12:29  High Templar  
  115  12:30  High Templar  
  115  12:31  Zealot  
  115  12:35  Archon  
  115  12:36  Zealot x2  
  123  12:40  Zealot  
  127  12:49  Zealot x3  
Tags
 
Add a new tag
Caveats
  • Supply blocks, unpowered buildings, or Contaminate may cause inaccurate times.
  • Supply counts are checked every 10 seconds.